 Dungeon Crawl Stone Soup version 0.32-a0-290-g598725c5f2 (webtiles) character file.

Game seed: 15324909404873783758

2612 zazu2006 the Skirmisher (level 9, -1/66 HPs)
             Began as a Gnoll Wanderer on Feb 13, 2024.
             Slain by a kobold
             ... wielding a +0 short sword
              (3 damage)
             ... on level 9 of the Dungeon.
             The game lasted 00:13:33 (4075 turns).

zazu2006 the Skirmisher (Gnoll Wanderer)            Turns: 4075, Time: 00:13:34

Health: -1/66      AC:  3    Str: 12    XL:     9   Next: 60%
Magic:  19/19      EV: 15    Int: 15    God:
Gold:   186        SH:  0    Dex: 18    Spells: 21/21 levels left

rFire   . . .        a - +2 sling
rCold   . . .        (no shield)
rNeg    + . .        q - +0 robe {rN+}
rPois   .            (no helmet)
rElec   .            (no cloak)
rCorr   .            b - +0 pair of gloves
SInv    .            (no boots)
Will    +....        (no amulet)
Stlth   +++          B - ring of willpower
HPRegen 0.31/turn    s - +6 ring of dexterity
MPRegen 0.16/turn

%: no passive effects
@: studying Evocations
A: fangs 1, strong nose, distributed training
a: no special abilities


You were on level 9 of the Dungeon.
You visited 1 branch of the dungeon, and saw 10 of its levels.
You also visited: Ossuary.

You collected 186 gold pieces.

Inventory:

Hand Weapons
 a - a +2 sling (weapon)
Missiles
 t - 6 poisoned darts
Armour
 b - a +0 pair of gloves (worn)
 q - a +0 robe of positive energy (worn)
 z - a +0 leather armour of fire resistance
Jewellery
 h - a ring of positive energy
 s - a +6 ring of dexterity (right hand)
 u - the ring of the Quiescent God {rC- Str+6 Int+6}
   (You found it on level 4 of the Dungeon)

   [ring of intelligence]

   Str+6:     It affects your strength (+6).
   Int+6:     It affects your intelligence (+6).
   rC-:       It makes you vulnerable to cold.
 B - a ring of willpower (left hand)
Scrolls
 c - a scroll of fear
 d - 3 scrolls of immolation {unknown}
 f - 6 scrolls of identify {unknown}
 g - a scroll of noise {unknown}
 n - 2 scrolls of teleportation {unknown}
 v - 2 scrolls of blinking {unknown}
 w - a scroll of enchant weapon {unknown}
 x - a scroll of vulnerability {unknown}
 A - a scroll of enchant armour {unknown}
Potions
 e - a potion of cancellation {unknown}
 i - 2 potions of mutation {unknown}
 j - 2 potions of invisibility {unknown}
 k - 3 potions of curing {unknown}
 l - a potion of enlightenment {unknown}
 m - 2 potions of heal wounds {unknown}
 p - 3 potions of degeneration {unknown}
 r - a potion of ambrosia {unknown}


   Skills:
 + Level 4.5 Fighting
 + Level 4.5 Short Blades
 + Level 4.5 Long Blades
 + Level 4.5 Axes
 + Level 4.5 Maces & Flails
 + Level 4.5 Polearms
 + Level 4.5 Staves
 + Level 8.1 Ranged Weapons
 + Level 4.5 Throwing
 + Level 5.3 Armour
 + Level 5.3 Dodging
 + Level 5.2 Stealth
 + Level 4.5 Shields
 + Level 4.5 Unarmed Combat
 + Level 6.8 Spellcasting
 + Level 3.8 Conjurations
 + Level 3.8 Hexes
 + Level 3.8 Summonings
 + Level 3.8 Necromancy
 + Level 3.8 Translocations
 + Level 3.8 Fire Magic
 + Level 3.8 Ice Magic
 + Level 4.4 Air Magic
 + Level 3.8 Earth Magic
 + Level 3.8 Alchemy
 + Level 5.0 Invocations
 + Level 6.5 Evocations
 + Level 4.1 Shapeshifting


You had 21 spell levels left.
You didn't know any spells.
Your spell library contained the following spells:

 Spells                   Type           Power      Damage    Failure   Level
 Apportation              Tloc           32%        N/A       2%          1
 Static Discharge         Conj/Air       34%        3-5/arc   3%          2
 Call Imp                 Summ           32%        N/A       4%          2
 Cigotuvi's Dreadful Rot  Necr/Alch/Air  34%        N/A       4%          2
 Jinxbite                 Hex            32%        N/A       4%          2
 Sublimation of Blood     Necr           16%        N/A       4%          2
 Inner Flame              Hex/Fire       16%        N/A       9%          3
 Flame Wave               Conj/Fire      16%        2d7       28%         4
 Sticky Flame             Fire/Alch      16%        2d5       28%         4
 Alistair's Intoxication  Alch           10%        N/A       61%         5
 Summon Hydra             Summ           8%         N/A       100%        7


Dungeon Overview and Level Annotations

Branches:
Dungeon (10/15)           Ossuary (visited)
 Temple: D:4-7         Lair: D:8-11         Orc: D:9-12

Altars:
Wu Jian

Annotations:
D:9 1 transporter


Innate Abilities, Weirdness & Mutations

You have very sharp teeth.
Your uncanny sense of smell can sniff out nearby items.
Your experience applies equally to all skills.


Message History

You shoot a sling bullet.
The sling bullet hits the kobold demonologist.
The kobold demonologist is almost dead.
The kobold brigand hits you but does no damage.
The kobold barely misses you.
Fire: a) +2 sling
Press: ? - help, Q - select action, (/) - cycle Shift-Dir - straight line, f/p - kobold demonologist
Aim: a kobold demonologist, wielding a +0 dagger and wearing a +0 robe (almost dead, paralysed, 98% to hit)
You shoot a sling bullet.
The sling bullet hits the kobold demonologist but does no damage.
The kobold demonologist is almost dead.
The kobold brigand hits you with a +0 dagger.
* * * LOW HITPOINT WARNING * * *
The kobold hits you with a +0 short sword.
* * * LOW HITPOINT WARNING * * *
Fire: a) +2 sling
Press: ? - help, Q - select action, (/) - cycle Shift-Dir - straight line, f/p - kobold demonologist
Aim: a kobold demonologist, wielding a +0 dagger and wearing a +0 robe (almost dead, paralysed, 98% to hit)
You shoot a sling bullet.
The sling bullet hits the kobold demonologist.
You kill the kobold demonologist!
The kobold brigand hits you with a +0 dagger.
* * * LOW HITPOINT WARNING * * *
The kobold hits you with a +0 short sword.
* * * LOW HITPOINT WARNING * * *
Your Invocations skill increases to level 5!
Fire: a) +2 sling
Press: ? - help, Q - select action, (/) - cycle Shift-Dir - straight line, f - kobold brigand
Aim: a kobold brigand, wielding a +0 dagger and quivering poisoned darts (almost dead, 61% to hit)
You shoot a sling bullet.
The sling bullet hits the kobold brigand.
You kill the kobold brigand!
The kobold barely misses you.
Fire: a) +2 sling
Press: ? - help, Q - select action, (/) - cycle Shift-Dir - straight line, f - kobold
Aim: a kobold, wielding a +0 short sword (61% to hit)
You shoot a sling bullet.
The sling bullet barely misses the kobold.
The kobold hits you with a +0 short sword.
You die...

##..## #...## ##...## /.P#...
##...## ©.ß#..# ##...## ####..#
###..## ©.....# ##..## .......
##..## ##....# ..# ##@K###...#
...# #)).....# #..# ######
##......# #.. .....###
#########..>.##########.
.......###.......................
.................................
.................................
.................................
.................................


You could see a kobold.

Vanquished Creatures
  Jeremiah (D:7)
  A kobold demonologist (D:9)
  A wyvern (D:9)
  3 water moccasins
  2 ice beasts (D:7)
  A sky beast (D:7)
  An ogre (D:7)
  4 centaurs
  A kobold brigand (D:9)
  2 scorpions (D:4)
  2 wights (Ossuary)
  2 burial acolytes (Ossuary)
  A howler monkey (D:8)
  An orc priest (D:9)
  2 jellies
  A gnoll bouda (D:4)
  A sleepcap (D:5)
  An iguana (D:7)
  Natasha (twice) (D:2)
  2 orc wizards
  6 gnolls
  5 adders
  2 dart slugs
  A ribbon worm (D:4)
  13 orcs
  3 endoplasms
  A giant cockroach (D:1)
  3 goblins
  6 hobgoblins
  2 jackals (D:2)
  A quokka (D:1)
  4 ball pythons
  A ball python skeleton (Ossuary)
  5 bats
  2 frilled lizards (D:1)
  A goblin zombie (D:4)
  3 hobgoblin skeletons (Ossuary)
  5 kobolds
  3 kobold skeletons (Ossuary)
  3 orc skeletons (Ossuary)
  A quokka zombie (D:4)
  3 rats
106 creatures vanquished.

Notes
Turn   | Place    | Note
-------+----------+-------------------------------------------
     0 | D:1      | zazu2006 the Gnoll Wanderer began the quest for the Orb.
     0 | D:1      | zazu2006 set off with the following items: a +2 sling, a +0
                  | pair of gloves, a scroll of fear, a +0 robe; and the
                  | following spells available to memorise: Static Discharge,
                  | Cigotuvi's Dreadful Rot.
     0 | D:1      | Reached XP level 1. HP: 13/13 MP: 6/6
     3 | D:1      | Found a faded altar of an unknown god.
    76 | D:1      | Reached XP level 2. HP: 19/19 MP: 7/7
   329 | D:1      | Reached skill level 5 in Spellcasting
   329 | D:1      | Reached XP level 3. HP: 25/25 MP: 7/9
   581 | D:2      | Reached skill level 1 in Invocations
   661 | D:2      | Reached skill level 1 in Fighting
   661 | D:2      | Reached skill level 1 in Short Blades
   661 | D:2      | Reached skill level 1 in Long Blades
   661 | D:2      | Reached skill level 1 in Axes
   661 | D:2      | Reached skill level 1 in Maces & Flails
   661 | D:2      | Reached skill level 1 in Polearms
   661 | D:2      | Reached skill level 1 in Staves
   661 | D:2      | Reached skill level 1 in Throwing
   661 | D:2      | Reached skill level 1 in Shields
   661 | D:2      | Reached skill level 1 in Unarmed Combat
   703 | D:2      | Noticed Natasha
   711 | D:2      | Killed Natasha
   712 | D:2      | Reached skill level 1 in Shapeshifting
   712 | D:2      | Reached XP level 4. HP: 32/32 MP: 11/11
   740 | D:2      | Reached skill level 1 in Conjurations
   740 | D:2      | Reached skill level 1 in Hexes
   740 | D:2      | Reached skill level 1 in Summonings
   740 | D:2      | Reached skill level 1 in Necromancy
   740 | D:2      | Reached skill level 1 in Translocations
   740 | D:2      | Reached skill level 1 in Fire Magic
   740 | D:2      | Reached skill level 1 in Ice Magic
   740 | D:2      | Reached skill level 1 in Earth Magic
   740 | D:2      | Reached skill level 1 in Alchemy
   864 | D:2      | Noticed Natasha
   870 | D:2      | Killed Natasha
   902 | D:2      | Reached XP level 5. HP: 24/37 MP: 12/12
  1120 | D:4      | Found a sand-covered staircase.
  1139 | Ossuary  | Entered an ossuary
  1290 | Ossuary  | Noticed a laughing skull
  1303 | Ossuary  | Noticed a laughing skull
  1303 | Ossuary  | Noticed a laughing skull
  1303 | Ossuary  | Noticed a laughing skull
  1328 | Ossuary  | Reached XP level 6. HP: 23/44 MP: 14/14
  1872 | D:4      | Reached skill level 7 in Ranged Weapons
  1872 | D:4      | Reached XP level 7. HP: 50/50 MP: 15/15
  2197 | D:4      | Identified the ring of the Quiescent God {rC- Str+6 Int+6}
  2296 | D:5      | Entered Level 5 of the Dungeon
  2310 | D:5      | Found an ornate altar of the Wu Jian Council.
  2485 | D:6      | Reached XP level 8. HP: 47/58 MP: 16/16
  2926 | D:8      | Noticed a two-headed ogre
  2971 | D:7      | Reached skill level 5 in Evocations
  3072 | D:7      | Noticed Jeremiah
  3120 | D:7      | Killed Jeremiah
  3143 | D:7      | Reached XP level 9. HP: 16/65 MP: 18/18
  3730 | D:9      | Reached skill level 5 in Armour
  3730 | D:9      | Reached skill level 5 in Dodging
  3740 | D:9      | Reached skill level 5 in Stealth
  3743 | D:9      | Reached skill level 8 in Ranged Weapons
  4047 | D:9      | Found a transporter.
  4051 | D:10     | Entered Level 10 of the Dungeon
  4051 | D:10     | Noticed a kobold demonologist
  4073 | D:9      | Killed a kobold demonologist
  4073 | D:9      | HP: 2/66 [kobold/+0 short sword (3)]
  4074 | D:9      | Reached skill level 5 in Invocations
  4075 | D:9      | Slain by a kobold

Illustrated notes

Levels and vault maps discovered:
D:1:      wander_arrival_desolate, layout_basic, serial_bayou,
          serial_bayou_pond_e, serial_bayou_lagoon_a, serial_bayou_crossing,
          serial_bayou_pond_a, ebering_ecumenical_altar_mist
D:2:      layout_basic, uniq_natasha
D:3:      layout_basic, serial_park_tiny_2, minmay_close_crescents, uniq_ijyb,
          uniq_terence, uniq_sigmund
D:4:      layout_rooms, nicolae_qazlal_style_of_elements, serial_curves,
          eino_curves_02, eino_curves_04, enter_ossuary_4,
          serial_library_hellmonk_room_a, minmay_manual_monstrance
D:5:      corexii_shantytown, layout_rooms, mainiacjoe_overflow_small_starburst,
          minmay_temple_entry_glass, hangedman_decor_peaks_small, uniq_grinder
D:6:      layout_basic, ebering_ghost_disaster_area
D:7:      layout_loops_ring, uniq_jeremiah, uniq_crazy_yiuf_cottage
D:8:      layout_rooms, mainiacjoe_overflow_surrounded_room
D:9:      gammafunk_steamed_eel, layout_layer_cave, serial_shops,
          nicolae_shop_tiny_glass, nrook_mini_vaults
D:10:     layout_cave_pods, lair_entry_dummy, orc_0_dummy, serial_column_ruins,
          column_ruins_hut, column_ruins_grid_1, column_ruins_corridor_straight,
          column_ruins_grid_1, uniq_erolcha, uniq_maurice

Skill      XL: |  1  2  3  4  5  6  7  8  9 |
---------------+----------------------------+-----
Air Magic      | 2 3 4 |  4.4
Spellcasting   | 5 6 |  6.8
Invocations    | 1 2 3 4 5 |  5.0
Fighting       | 1 2 3 4 |  4.5
Short Blades   | 1 2 3 4 |  4.5
Long Blades    | 1 2 3 4 |  4.5
Axes           | 1 2 3 4 |  4.5
Maces & Flails | 1 2 3 4 |  4.5
Polearms       | 1 2 3 4 |  4.5
Staves         | 1 2 3 4 |  4.5
Throwing       | 1 2 3 4 |  4.5
Shields        | 1 2 3 4 |  4.5
Unarmed Combat | 1 2 3 4 |  4.5
Shapeshifting  | 1 2 3 4 |  4.1
Conjurations   | 1 2 3 |  3.8
Hexes          | 1 2 3 |  3.8
Summonings     | 1 2 3 |  3.8
Necromancy     | 1 2 3 |  3.8
Translocations | 1 2 3 |  3.8
Fire Magic     | 1 2 3 |  3.8
Ice Magic      | 1 2 3 |  3.8
Earth Magic    | 1 2 3 |  3.8
Alchemy        | 1 2 3 |  3.8
Armour         | 3 4 5 |  5.3
Dodging        | 3 4 5 |  5.3
Evocations     | 3 4 5 6 |  6.5
Stealth        | 3 4 5 |  5.2
Ranged Weapons | 7 8 |  8.1

Action                     |  1- 3 |  4- 6 |  7- 9 || total
---------------------------+-------+-------+-------++-------
  Melee: Sling             |       |       |     5 ||     5
   Fire: Sling             |    70 |   136 |   254 ||   460
  Evoke: Wand              |       |     3 |    19 ||    22
 Armour: Robe              |    25 |    46 |    89 ||   160
  Dodge: Dodged            |    20 |    63 |    94 ||   177

Table legend: (Time is in decaauts)
 A = Elapsed time spent in this place.
 B = Non-inter-level travel time spent in this place.
 C = Inter-level travel time spent in this place.
 D = Time resting spent in this place.
 E = Time spent auto-exploring this place.
 F = Levels seen in this place.
 G = Mean time per level.
                   A        B        C        D        E       F      G
               +--------+--------+--------+--------+--------+-----+--------+
         Total |   4119 |   4087 |     32 |    161 |   2856 |  11 |  374.5 |
       Dungeon |   3655 |   3623 |     32 |    161 |   2564 |  10 |  365.5 |
       Ossuary |    463 |    463 |      0 |      0 |    292 |   1 |  463.0 |
               +--------+--------+--------+--------+--------+-----+--------+

Top non-repeatable levels by time:
     D:7: 859 daAuts
     D:2: 573 daAuts
     D:4: 532 daAuts
     D:1: 504 daAuts
     D:9: 474 daAuts
 Ossuary: 463 daAuts
     D:3: 263 daAuts
     D:6: 245 daAuts
     D:5: 184 daAuts
     D:8: 15 daAuts
    D:10: 1 daAuts
